 Dungeon Crawl Stone Soup version 0.31.0-11-ge490571c62 (webtiles) character file.

Game seed: 2912808338971274109

59 qw the Shooter (level 3, -1/18 HPs)
             Began as a Spriggan Hunter on Feb 4, 2024.
             Killed by divine providence
             ... invoked by an orc priest
              (12 damage)
             ... on level 3 of the Dungeon.
             The game lasted 00:00:05 (1734 turns).

qw the Shooter (Spriggan Hunter)                    Turns: 1734, Time: 00:00:05

Health: -1/18      AC:  5    Str:  7    XL:     3   Next: 78%
Magic:  4/4        EV: 19    Int: 10    God:
Gold:   103        SH:  0    Dex: 20    Spells: 2/2 levels left

rFire   . . .        a - +0 shortbow
rCold   . . .        (shield currently unavailable)
rNeg    . . .        c - +0 robe
rPois   .            (helmet restricted)
rElec   .            e - +2 cloak
rCorr   .            (gloves unavailable)
SInv    +            (boots unavailable)
Will    .....        (no amulet)
Stlth   ++           (no ring)
HPRegen 0.23/turn    (no ring)
MPRegen 0.09/turn

%: no passive effects
@: very quick
A: very small, no large weapons, unfitting armour, see invisible, speed 3
a: no special abilities


You were on level 3 of the Dungeon.
You visited 1 branch of the dungeon, and saw 3 of its levels.

You collected 103 gold pieces.


Innate Abilities, Weirdness & Mutations

You are very small and have problems with some larger weapons.
You are too small for most types of armour.
You have supernaturally acute eyesight. (SInv)
You cover ground extremely quickly. (Speed+++)


   Skills:
 - Level 1.5 Fighting
 - Level 5.0 Ranged Weapons
 + Level 4.0 Dodging
 - Level 1.5 Stealth


You had 2 spell levels left.
You didn't know any spells.
Your spell library was empty.

Inventory:

Hand Weapons
 a - a +0 shortbow (weapon)
Armour
 c - a +0 robe (worn)
 e - a +2 cloak (worn)
Scrolls
 f - a scroll of enchant weapon {unknown}
Potions
 b - a potion of heal wounds
 d - a potion of might {unknown}

Dungeon Overview and Level Annotations

Branches:
Dungeon (3/15)

Altars:


Message History

An orc priest comes into view. It is wielding a +0 trident.
Enter note:
Enter note:
1725 ||| RETREEEEATING.
You shoot an arrow. The arrow barely misses the orc priest.
You shoot an arrow. The arrow barely misses the orc priest.
The orc priest mumbles some strange prayers to Beogh against you.
Beogh smites you!
Ouch! That really hurt!
You hear a shout!
You shoot an arrow.
The arrow hits the orc but does no damage.
You hear a shout!
The orc hits you but does no damage.
You shoot an arrow. The arrow hits the orc.
The orc is moderately wounded.
You hear a shout!
The orc hits you but does no damage.
You shoot an arrow.
The arrow hits the orc but does no damage.
The orc is moderately wounded.
The orc hits you but does no damage.
You shoot an arrow. The arrow hits the orc!
You kill the orc!
Your Ranged Weapons skill increases to level 5!
You shoot an arrow. The arrow closely misses the ufetubus.
The arrow barely misses the orc priest.
You hear a shout!
The ufetubus closely misses you. x2
You shoot an arrow. The arrow hits the ufetubus!
The ufetubus is almost dead.
The ufetubus completely misses you. x2
You shoot an arrow. The arrow misses the ufetubus.
The arrow completely misses the orc priest.
The ufetubus slips past you! The ufetubus misses you.
The ufetubus closely misses you.
The orc priest calls down the wrath of Beogh upon you.
Beogh smites you!
Ouch! That really hurt!
You die...

#### ..o ..# ..#
..# #######5.# #
#...5@)o.# #.
#.##.##...)...
###. #.##.#
.##.... ....
#.#..##.## ##.
#..###..........#
#.........##.##.%
#.###........#
#.##..####
##....#


You could see an orc priest and 2 ufetubi.

Vanquished Creatures
  An adder (D:3)
  A dart slug (D:2)
  A ribbon worm (D:3)
  3 orcs (D:3)
  2 ball pythons
  3 bats
  An endoplasm (D:1)
  2 giant cockroaches (D:1)
  8 goblins
  3 hobgoblins
  3 jackals (D:1)
  5 kobolds
  2 quokkas (D:1)
  3 frilled lizards
  2 rats
40 creatures vanquished.

Notes
Turn   | Place    | Note
-------+----------+-------------------------------------------
     0 | D:1      | qw the Spriggan Hunter began the quest for the Orb.
     0 | D:1      | Reached XP level 1. HP: 10/10 MP: 2/2
     0 | D:1      | 0 ||| qw: Version: 0.3-a-160-g6735b56
     0 | D:1      | 0 ||| qw: Game counter: 5408
     0 | D:1      | 0 ||| qw: Melee chars always use a shield: true
     0 | D:1      | 0 ||| qw: God list: Okawaru
     0 | D:1      | 0 ||| qw: Allow faded altars: false
     0 | D:1      | 0 ||| qw: Do Orc after clearing Dungeon:15 true
     0 | D:1      | 0 ||| qw: Do second Lair branch before Depths: true
     0 | D:1      | 0 ||| qw: Lair rune preference: random
     0 | D:1      | 0 ||| qw: Goals: Normal
     0 | D:1      | 0 ||| PLANNING D:1-11
   117 | D:1      | Reached skill level 3 in Dodging
   290 | D:1      | Reached XP level 2. HP: 14/14 MP: 3/3
   311 | D:1      | You fall into a shaft and drop 1 floor!
   503 | D:2      | 503 ||| UPGRADING to +2 cloak.
   508 | D:2      | 508 ||| DROPPING scarf of harm.
   509 | D:2      | 509 ||| DROPPING scroll of butterflies.
   796 | D:1      | Reached XP level 3. HP: 18/18 MP: 4/4
  1133 | D:1      | 1133 ||| READING scroll labelled TEDUGERERO.
  1133 | D:1      | 1133 ||| IDENTIFYING purple potion
  1134 | D:1      | 1134 ||| READING scroll labelled ZOFA CIAWNI.
  1135 | D:1      | 1135 ||| DROPPING potion of degeneration.
  1136 | D:1      | 1136 ||| Standing still (stuck).
  1544 | D:2      | 1544 ||| READING scroll of identify.
  1544 | D:2      | 1544 ||| IDENTIFYING yellow potion
  1545 | D:2      | 1545 ||| READING scroll labelled OSELATSEILL.
  1545 | D:2      | 1545 ||| ENCHANTING +0 shortbow.
  1725 | D:3      | 1725 ||| RETREEEEATING.
  1732 | D:3      | Reached skill level 5 in Ranged Weapons
  1734 | D:3      | Killed from afar by an orc priest

Levels and vault maps discovered:
D:1:      dpeg_arrival_round_a, layout_loops_corners
D:2:      layout_basic
D:3:      layout_loops_cross, tgw_kikubaaqudgha, nicolae_tso_swordbearing_angel,
          uniq_terence, uniq_robin

Skill      XL: |  1  2  3 |
---------------+----------+-----
Dodging        | 3 4 |  4.0
Ranged Weapons | 5 |  5.0
Fighting       | |  1.5
Stealth        | |  1.5

Action                     || total
---------------------------++-------
   Fire: Shortbow          ||   112
    Use: Scroll            ||     4
 Armour: Robe              ||    17
  Dodge: Dodged            ||    43

Table legend:
 A = Non-vault XP
 B = Vault XP
 C = Vault XP percentage of total XP
 D = Non-vault monster count
 E = Vault monster count
 F = Vault count percentage of total count
                 A         B        C        D         E       F
            +---------+---------+-------+---------+---------+-------
      Total |      85 |       0 |   0.0 |      40 |       0 |   0.0
            +---------+---------+-------+---------+---------+-------
        D:1 |      41 |       0 |   0.0 |      23 |       0 |   0.0
        D:2 |      12 |       0 |   0.0 |       7 |       0 |   0.0
        D:3 |      32 |       0 |   0.0 |      10 |       0 |   0.0
            +---------+---------+-------+---------+---------+-------
